 Seeded DCSS version 0.29.1-15-g9cfb28693d (webtiles) character file.

Game seed: 9845822215292249863 (custom seed)

35 Psyclone the Conjurer (level 3, 19/19 HPs)
             Began as a Deep Elf Conjurer on Sept 24, 2023.
             Quit the game on level 1 of the Dungeon.
             The game lasted 00:01:59 (936 turns).

Psyclone the Conjurer (Deep Elf Conjurer)            Turns: 936, Time: 00:02:00

Health: 19/19      AC:  2    Str:  4    XL:     3   Next: 16%
Magic:  10/10      EV: 12    Int: 24    God:
Gold:   31         SH:  0    Dex: 13    Spells: 7/10 levels left

rFire   . . .      SeeInvis .   f - staff of conjuration
rCold   . . .      Faith    .   (no shield)
rNeg    . . .      Spirit   .   a - +0 robe
rPois   .          Reflect  .   (no helmet)
rElec   .          Harm     .   (no cloak)
rCorr   .          Rampage  .   (no gloves)
Will    +....                   (no boots)
Stlth   ++........              d - amulet of the acrobat
HPRegen 0.06/turn               g - ring of willpower
MPRegen 0.12/turn               (no ring)

@: no status effects
A: no striking features
a: no special abilities


You were on level 1 of the Dungeon.
You visited 1 branch of the dungeon, and saw 1 of its levels.

You collected 31 gold pieces.

Inventory:

Armour
 a - a +0 robe (worn)
Magical Staves
 f - a staff of conjuration (weapon)
Jewellery
 d - an amulet of the acrobat (around neck)
 g - a ring of willpower (left hand)
Scrolls
 c - a scroll of amnesia {unknown}
 e - a scroll of acquirement
Potions
 b - 2 potions of magic
 h - a potion of heal wounds {unknown}
 i - a potion of curing {unknown}


   Skills:
 - Level 2.4 Dodging
 - Level 2.4 Stealth
 + Level 4.1 Spellcasting
 + Level 5.0 Conjurations


You had 7 spell levels left.
You knew the following spells:

 Your Spells              Type           Power      Damage    Failure   Level
a - Magic Dart            Conj           100%       1d8       1%          1
b - Searing Ray           Conj           86%        2d7       1%          2

Your spell library contained the following spells:

 Spells                   Type           Power      Damage    Failure   Level
 Dazzling Flash           Conj/Hex       50%        N/A       11%         3
 Fulminant Prism          Conj/Hex       12%        3d9       34%         4
 Iskenderun's Mystic Bla  Conj/Tloc      25%        2d7       34%         4


Dungeon Overview and Level Annotations

Branches:
Dungeon (1/15) Zot: 5065

Altars:


Message History

Aim: a bat (severely wounded, 100% to hit)
You feel a surge of power!
The magic dart hits the bat.
You kill the bat!
You now have 8/10 mp.
Casting: Magic Dart (safe; 1% risk of failure)
Confirm with . or Enter, or press ? or * to list all spells.
You can't see any susceptible monsters within range! (Use Z to cast anyway.) Unknown command.
You now have 31 gold pieces (gained 8).
There is an open door here.
e - 3 scrolls labelled VOSEFAQATU (gained 1)
A kobold comes into view. It is wielding a +0 whip.
MP restored: 10
Casting: Magic Dart (safe; 1% risk of failure)
Confirm with . or Enter, or press ? or * to list all spells.
Aiming: Magic Dart (safe; 1% risk of failure)
Press: ? - help, Shift-Dir - straight line, f - kobold
Aim: a kobold, wielding a +0 whip and quivering stones (asleep, 100% to hit)
You feel a surge of power!
The magic dart hits the kobold.
You kill the kobold!
You now have 9/10 mp.
Casting: Magic Dart (safe; 1% risk of failure)
Confirm with . or Enter, or press ? or * to list all spells.
You can't see any susceptible monsters within range! (Use Z to cast anyway.) Unknown command.
Casting: Magic Dart (safe; 1% risk of failure)
Confirm with . or Enter, or press ? or * to list all spells.
You can't see any susceptible monsters within range! (Use Z to cast anyway.) Unknown command.
There is a shaft here.
There is a stone staircase leading down here.
You open the door.
There is an open door here.
Done exploring.
MP restored: 10 Done exploring.
This is a scroll of acquirement!
Something appears at your feet! Something appears at your feet!
Unknown command.
Are you sure you want to abandon this character and quit the game? (Confirm with "yes".)

#......# ### #......# ########.#
###......#
.........###############......#.#
....................(..(.........
.#######.##.#####.#....#.#.#.##†#
.# #.#.....##.#.##.#.#.#..... .#
#.#..##....#.##.#.#.#.###. .#
#.#......@.#.##.#.#.####†.
.#######.##.#...#.#.##.#.#.......
.##......#......#.#.##.#.#####..#
.##'######..#...#.#.##.#.....[...
.#....# #..#...###.##.#...######
.'....# #..#........#.....#
##....# #..#..####..#.#..##
.+....# #..#..........#..#
##....####..#.######..##..#


There were no monsters in sight!

Vanquished Creatures
  A gnoll (D:1)
  2 dart slugs (D:1)
  2 endoplasms (D:1)
  A giant cockroach (D:1)
  2 goblins (D:1)
  2 kobolds (D:1)
  A quokka (D:1)
  2 ball pythons (D:1)
  5 bats (D:1)
  A frilled lizard (D:1)
  A rat (D:1)
20 creatures vanquished.

Notes
Turn   | Place    | Note
-------+----------+-------------------------------------------
     0 | D:1      | Psyclone the Deep Elf Conjurer began the quest for the Orb.
     0 | D:1      | Reached XP level 1. HP: 10/10 MP: 6/6
    43 | D:1      | Reached XP level 2. HP: 15/15 MP: 1/8
   106 | D:1      | Learned a level 2 spell: Searing Ray
   625 | D:1      | Reached skill level 5 in Conjurations
   625 | D:1      | Reached XP level 3. HP: 19/19 MP: 8/10
   934 | D:1      | Identified 3 scrolls of acquirement
   934 | D:1      | Acquired 375 gold pieces
   935 | D:1      | Acquired 1008 gold pieces
   936 | D:1      | Quit the game

Illustrated notes

Levels and vault maps discovered:
D:1:      giann_bridges, layout_basic

Skill      XL: |  1  2 |
---------------+-------+-----
Spellcasting   | 4 |  4.1
Conjurations   | 5 |  5.0
Dodging        | |  2.4
Stealth        | |  2.4

Action                   || total
-------------------------++-------
 Cast: Magic Dart        ||    36
  Use: Scroll            ||     4
Armor: Robe              ||     1
Dodge: Dodged            ||     2
